 Dungeon Crawl Stone Soup version 0.16-b1 (webtiles) character file.

23660 McCoppin the Spear-Bearer (level 13, 0/128 HPs)
             Began as a Naga Fighter on Mar 14, 2015.
             Was a High Priest of Yredelemnul.
             Killed from afar by a fire dragon (17 damage)
             ... with a blast of flame
             ... on level 8 of the Lair of Beasts.
             The game lasted 01:51:43 (20519 turns).

McCoppin the Spear-Bearer (Naga Fighter)           Turns: 20519, Time: 01:51:45

Health: 0/128      AC: 16    Str: 22    XL:     13   Next: 8%
Magic:  20/27      EV:  5    Int: 11    God:    Yredelemnul [*****.]
Gold:   990        SH:  0    Dex: 10    Spells: 0 memorised, 12 levels left

rFire  . . .     SeeInvis +     u - +3 glaive (vamp)
rCold  . . .     Clarity  .     J - +0 chain mail {rPois}
rNeg   + . .     SustAb   .     (no shield)
rPois  +         Gourm    +     M - +2 helmet
rElec  .         Spirit   .     X - +2 cloak {rPois}
rCorr  .         Warding  .     j - +0 pair of gloves
rMut   .         Stasis   .     (no barding)
MR     ++...                    V - amulet of the gourmand
Stlth  ..........               f - ring of positive energy
                                q - ring of protection from magic

@: injury mirror, very slightly contaminated, very slow, very resistant to
hostile enchantments, extremely unstealthy
A: spit poison, constrict 1, see invisible, deformed body, poison resistance,
slowness 2, AC +4
a: Spit Poison, Animate Dead, Recall Undead Slaves, Injury Mirror, Drain Life,
Enslave Soul, Renounce Religion


You were on level 8 of the Lair of Beasts.
You worshipped Yredelemnul.
Yredelemnul was extremely pleased with you.
You were full.

You visited 3 branches of the dungeon, and saw 17 of its levels.
You also visited: Sewer.

You collected 1312 gold pieces.
You spent 322 gold pieces at shops.

Inventory:

Hand weapons
 a - a +1 trident of protection
 e - a +0 lajatang
 g - a +0 blowgun
 u - a +3 vampiric glaive (weapon)
Missiles
 h - 100 poisoned needles
 w - 3 throwing nets (quivered)
Armour
 c - a +0 shield
 j - a +0 pair of gloves (worn)
 p - a +0 cloak
 F - a +0 large shield
 J - a +0 chain mail of poison resistance (worn)
 M - a +2 helmet (worn)
 X - a +2 cloak of poison resistance (worn)
Jewellery
 f - a ring of positive energy (right hand)
 q - a ring of protection from magic (left hand)
 V - an amulet of the gourmand (around neck)
Magical devices
 b - a wand of fireball (6)
 x - a wand of fire (8)
 y - a wand of heal wounds (0)
 C - a wand of slowing (11)
 D - a wand of frost (19)
 Q - a wand of confusion (40)
Scrolls
 k - 6 scrolls of identify
 t - 2 scrolls of enchant weapon
 A - a scroll of magic mapping
 G - 2 scrolls of summoning
 L - 3 scrolls of fog
 N - a scroll of amnesia
 O - 2 scrolls of remove curse
Potions
 n - 2 potions of resistance
 o - 4 potions of haste
 r - 4 potions of agility
 E - 3 potions of brilliance
 H - 2 potions of curing
 I - a potion of magic
 K - a potion of might
 T - a potion of flight
Books
 v - a book of Frost

   Spells                             Type                      Level
   a - Freeze                         Ice                          1
   b - Throw Frost                    Conjuration/Ice              2
   c - Ozocubu's Armour               Charms/Ice                   3
   d - Throw Icicle                   Conjuration/Ice              4
   e - Summon Ice Beast               Ice/Summoning                4
   f - Condensation Shield            Ice                          4
 B - a book of Enchantments

   Spells                             Type                      Level
   a - Tukima's Dance                 Hexes                        3
   b - Cause Fear                     Hexes                        4
   c - Silence                        Hexes/Air                    5
   d - Deflect Missiles               Charms/Air                   6
   e - Haste                          Charms                       6
   f - Discord                        Hexes                        8
 P - a book of Conjurations

   Spells                             Type                      Level
   a - Magic Dart                     Conjuration                  1
   b - Searing Ray                    Conjuration                  2
   c - Dazzling Spray                 Conjuration/Hexes            3
   d - Fulminant Prism                Conjuration/Hexes            4
   e - Iskenderun's Mystic Blast      Conjuration                  4
   f - Iskenderun's Battlesphere      Conjuration/Charms           5
 U - a book of Callings

   Spells                             Type                      Level
   a - Summon Small Mammal            Summoning                    1
   b - Call Imp                       Summoning                    2
   c - Call Canine Familiar           Summoning                    3
   d - Summon Guardian Golem          Hexes/Summoning              4
   e - Summon Lightning Spire         Summoning/Air                4
   f - Summon Ice Beast               Ice/Summoning                4
Miscellaneous
 l - a disc of storms
Comestibles
 d - 7 bread rations
 i - 29 fruits
 m - 2 slices of pizza
 s - 10 beef jerkies
 z - a meat ration
 Y - 2 royal jellies


   Skills:
 + Level 11.8 Fighting
 - Level 14.0 Polearms
 - Level 2.4 Armour
 - Level 2.4 Shields
 + Level 10.2 Invocations
 - Level 7.0 Evocations


You had 12 spell levels left.
You didn't know any spells.

Dungeon Overview and Level Annotations

Branches:
Dungeon (8/15)             Temple (1/1) D:5            Lair (8/8) D:8
  Swamp (0/5) Lair:5        Snake (0/5) Lair:6        Slime (0/6) Lair:7

Altars:
Ashenzari
Dithmenos
Elyvilon
Fedhas
Gozag
Makhleb
Nemelex Xobeh
Okawaru
Qazlal
Yredelemnul
The Shining One
Jiyva

Shops:
D:5 ?   D:6 :


Innate Abilities, Weirdness & Mutations

You cannot wear boots.
You can spit poison.
You can use your snake-like lower body to constrict enemies.
Your serpentine skin is tough (AC +4).
You have supernaturally acute eyesight.
Armour fits poorly on your strangely shaped body.
Your system is resistant to poisons.
You cover ground very slowly.


Message History

* * * LOW HITPOINT WARNING * * *
You hear an angry hiss.
Use which ability? (? or * to list)
You offer yourself to Yredelemnul, and fill with unholy energy.
You are engulfed in a cloud of scalding steam.
You constrict the komodo dragon. The komodo dragon bites you!!
* * * LOW HITPOINT WARNING * * *
Yredelemnul mirrors your injury!
You kill the komodo dragon!
Yredelemnul accepts your kill.
Use which ability? (? or * to list)
You draw life from your surroundings.
You draw life from the fire dragon.
The fire dragon is moderately wounded.
You feel life flooding into your body.
You feel somewhat less full.
You are engulfed in a cloud of scalding steam.
The fire dragon breathes flames at you. The blast of flame hits you!
You die...
Your body rises from the dead as a mindless zombie.

....P♣ ....≈♣♣♣♣♣♣♣♣♣♣
....≈≈♣♣.≈♣.♣P♣♣♣♣
.....≈≈≈≈≈≈.≈..P.♣♣
....P≈.≈♣≈≈≈≈♣♣...♣♣♣
.....♣♣♣♣♣♣≈≈≈♣P.♣..♣♣
....#♣ P≈♣♣≈§≈P....♣♣
....# ... ♣♣≈≈l§≈...♣
.P.## ..♣♣ ♣≈§@§D≈..♣♣
..P#
.♣....≈PZ♣♣♣≈≈P.♣♣♣
PP.# .$♣≈≈.♣♣ ♣♣≈≈...♣
.P## ≈≈≈≈P♣♣ ♣♣≈≈≈.♣♣
..P ♣.≈♣♣ .$? ♣♣≈≈≈≈♣
. ♣./$$.♣.♣§≈≈♣
♣.....PDl≈≈♣♣
P.≈≈..≈Z≈≈..♣
≈≈≈≈≈≈≈(P.♣♣


You could see a fire dragon, a friendly komodo dragon and a friendly iguana
zombie.

Vanquished Creatures
  Pikel (D:6)
  An oklob plant (Lair:1)
  3 elephants
  Joseph (D:8)
  5 spiny frogs
  A gargoyle (D:8)
  A black mamba (Lair:2)
  5 fire drakes
  7 komodo dragons
  A polar bear (Lair:7)
  2 steam dragons (Lair:8)
  18 yaks
  A wyvern (D:8)
  3 hippogriffs
  3 wolves
  A mottled dragon (Lair:8)
  A naga (Lair:6)
  3 swamp worms (Lair:5)
  An electric eel (Lair:5)
  12 porcupines
  2 sky beasts
  5 water moccasins
  2 black bears
  2 boring beetles
  8 ogres
  A phantom (D:5)
  A wasp (D:8)
  3 orc warriors
  Duvessa (D:5)
  9 crocodiles
  6 giant frogs
  2 big kobolds (D:8)
  2 centaurs
  5 wights (D:8)
  A crimson imp (D:7)
  A goliath beetle (D:6)
  Dowan (D:5)
  7 hounds
  3 jellies
  6 iguanas
  4 orc priests
  A gnoll shaman (D:4)
  A centaur skeleton (D:8)
  5 orc wizards
  4 worker ants
  A sheep (Lair:7)
  A hound zombie (D:6)
  A hound skeleton (D:4)
  4 gnolls (D:4)
  42 river rats
  15 adders
  2 giant mites (D:4)
  3 worms
  9 giant geckos
  28 orcs
  5 ball pythons
  23 bats
  2 bat skeletons
  A bat zombie (D:6)
  3 giant cockroaches
  12 goblins
  16 hobgoblins
  11 jackals
  31 kobolds
  3 oozes
  8 quokkas
  9 giant newts
  A giant spore (D:7)
  A goblin skeleton (D:7)
  A goblin zombie (D:7)
  A hobgoblin zombie (D:7)
  2 jackal skeletons
  2 kobold zombies (D:7)
  An orc zombie (D:7)
  2 quokka skeletons
  13 rats
  8 ballistomycetes (D:7)
  A bush (Lair:1)
  3 plants (Lair:1)
420 creatures vanquished.

Vanquished Creatures (collateral kills)
  A griffon (Lair:4)
  3 black mambas
  4 elephants
  3 spiny frogs
  A torpor snail (Lair:8)
  A fire drake (D:8)
  2 blink frogs (Lair:8)
  2 komodo dragons
  A basilisk (Lair:1)
  A wyvern (Lair:8)
  13 yaks
  2 hippogriffs
  4 wolves (Lair:7)
  3 swamp worms (Lair:5)
  5 water moccasins
  A porcupine (Lair:6)
  A swamp drake (Lair:8)
  An ice beast (D:8)
  An iguana (Lair:6)
  A boring beetle (Lair:6)
  4 centaurs (Lair:5)
  5 crocodiles
  2 giant frogs
  2 jellies
  2 hounds
  An orc priest (D:6)
  9 sheep
  A hound zombie (D:8)
  3 adders
  26 river rats
  3 orcs (D:8)
  A bat skeleton (D:6)
  5 quokkas
  2 hobgoblin zombies (D:7)
  2 kobolds (D:8)
  A kobold skeleton (D:7)
  An orc skeleton (D:7)
  A ballistomycete (D:7)
  A bush (Lair:1)
  2 butterflies (Lair:6)
  A fungus (Lair:7)
  2 plants
128 creatures vanquished.

Vanquished Creatures (others)
  3 flying skulls
  2 wraiths (Lair:8)
  A black mamba zombie (Lair:7)
  A water moccasin (Lair:3)
  A spiny frog zombie (Lair:5)
  A slave (D:6)
  A komodo dragon zombie (Lair:5)
  2 fire drake zombies
  A crocodile (Lair:8)
  A water moccasin zombie (Lair:8)
  An adder (D:6)
  A hippogriff zombie (Lair:4)
  4 yak zombies (Lair:8)
  2 wights
  2 centaur zombies
  2 giant frog zombies
  A boring beetle zombie (Lair:8)
  A wasp zombie (D:8)
  2 porcupine zombies
  3 crocodile zombies
  3 ogre zombies
  2 hound zombies
  A worker ant zombie (D:8)
  3 gnolls (D:5)
  A goliath beetle zombie (D:6)
  3 adder zombies
  3 sheep zombies
  An iguana zombie (Lair:4)
  A bat zombie (D:8)
  A quokka (Lair:3)
  A giant spore (D:7)
  A kobold zombie (D:8)
  An orc zombie (D:7)
  A quokka zombie (Lair:5)
  A rat (D:5)
  11 river rat zombies
  A plant (Lair:8)
69 creatures vanquished.

Grand Total: 617 creatures vanquished

Notes
Turn   | Place    | Note
--------------------------------------------------------------
     0 | D:1      | McCoppin, the Naga Fighter, began the quest for the Orb.
     0 | D:1      | Reached XP level 1. HP: 21/21 MP: 1/1
    94 | D:1      | Reached XP level 2. HP: 5/28 MP: 2/2
   853 | D:1      | Reached XP level 3. HP: 32/34 MP: 3/3
  1564 | D:2      | Reached skill level 4 in Fighting
  1564 | D:2      | Reached XP level 4. HP: 28/44 MP: 4/4
  3125 | D:4      | Reached XP level 5. HP: 50/50 MP: 5/5
  3142 | D:4      | Noticed an ogre
  3153 | D:4      | Killed an ogre
  3153 | D:4      | Reached skill level 5 in Polearms
  3153 | D:4      | Reached XP level 6. HP: 43/57 MP: 6/6
  3750 | D:4      | Reached skill level 6 in Polearms
  3794 | D:4      | Noticed an ogre
  3801 | D:4      | Killed an ogre
  4154 | D:4      | Reached XP level 7. HP: 62/64 MP: 7/7
  4207 | D:4      | Reached skill level 7 in Polearms
  4742 | D:5      | Entered Level 5 of the Dungeon
  4815 | D:5      | Found a staircase to the Ecumenical Temple.
  4825 | Temple   | Entered the Ecumenical Temple
  4834 | Temple   | Became a worshipper of Yredelemnul the Dark
  4994 | D:5      | Found a glowing drain.
  5111 | Sewer    | Entered a sewer
  5461 | Sewer    | Acquired Yredelemnul's first power
  5680 | D:5      | Reached skill level 8 in Polearms
  5696 | D:5      | Noticed Dowan
  5697 | D:5      | Noticed Duvessa
  5708 | D:5      | Killed Duvessa
  5721 | D:5      | Killed Dowan
  5754 | D:5      | Reached XP level 8. HP: 50/72 MP: 8/8
  5998 | D:5      | Reached skill level 9 in Polearms
  6033 | D:5      | Found Ehohuixoi's Magic Scroll Shoppe.
  6047 | D:5      | Bought a scroll of blinking for 105 gold pieces
  6047 | D:5      | Bought a scroll of identify for 28 gold pieces
  6047 | D:5      | Bought a scroll of identify for 28 gold pieces
  6047 | D:5      | Bought a scroll of identify for 28 gold pieces
  6047 | D:5      | Bought a scroll of blinking for 105 gold pieces
  6047 | D:5      | Bought a scroll of identify for 28 gold pieces
  6683 | D:6      | Found a burning altar of Makhleb.
  6857 | D:6      | Reached skill level 10 in Polearms
  7035 | D:6      | Found Psaach's Book Boutique.
  7094 | D:6      | Noticed Pikel
  7109 | D:6      | Killed Pikel
  7109 | D:6      | Reached skill level 11 in Polearms
  7109 | D:6      | Reached XP level 9. HP: 78/78 MP: 9/9
  7545 | D:6      | Acquired Yredelemnul's second power
  7554 | D:6      | Found an opulent altar of Gozag.
  7716 | D:7      | Found a glowing golden altar of the Shining One.
  8773 | D:7      | Reached skill level 12 in Polearms
  9179 | D:7      | Found an iron altar of Okawaru.
  9181 | D:7      | Found a sparkling altar of Nemelex Xobeh.
  9477 | D:8      | Gained mutation: You are frail (-10% HP). [mutagenic meat]
  9478 | D:8      | Lost mutation: You are frail (-10% HP). [mutagenic meat]
  9665 | D:8      | Found a white marble altar of Elyvilon.
  9666 | D:8      | Found a stormy altar of Qazlal.
  9778 | D:8      | Noticed Joseph
  9798 | D:8      | Killed Joseph
  9798 | D:8      | Reached skill level 13 in Polearms
  9798 | D:8      | Reached XP level 10. HP: 55/86 MP: 10/10
  9951 | D:8      | Found a staircase to the Lair.
 10129 | D:8      | Noticed a fire drake
 10143 | D:8      | Killed a fire drake
 10506 | D:8      | Acquired Yredelemnul's third power
 10926 | D:8      | Reached skill level 14 in Polearms
 11243 | Lair:1   | Entered Level 1 of the Lair of Beasts
 11274 | D:8      | Reached skill level 1 in Evocations
 11589 | Lair:1   | Reached skill level 5 in Fighting
 11660 | Lair:1   | Found a blossoming altar of Fedhas.
 11679 | Lair:1   | Noticed an oklob plant
 11794 | Lair:1   | Killed an oklob plant
 12219 | Lair:1   | Reached skill level 5 in Evocations
 12819 | Lair:2   | Found a white marble altar of Elyvilon.
 12858 | Lair:2   | Reached XP level 11. HP: 89/97 MP: 20/20
 13082 | Lair:2   | Noticed a black mamba
 13096 | Lair:2   | Killed a black mamba
 13574 | Lair:2   | Noticed a black mamba
 13581 | Lair:2   | Killed a black mamba
 13871 | Lair:3   | Acquired Yredelemnul's fourth power
 14119 | Lair:3   | Reached skill level 1 in Invocations
 14143 | Lair:3   | Noticed an eight-headed hydra
 14162 | Lair:3   | HP: 5/100 [eight-headed hydra (7)]
 14207 | Lair:3   | HP: 2/100 [eight-headed hydra (5)]
 14661 | Lair:4   | Identified a scroll of acquirement
 15790 | Lair:5   | Reached skill level 5 in Invocations
 16284 | Lair:5   | Found a staircase to the Swamp.
 16518 | Lair:5   | Received a gift from Yredelemnul
 16760 | Lair:5   | Found an opulent altar of Gozag.
 16764 | Lair:5   | Reached XP level 12. HP: 74/114 MP: 22/22
 17519 | Lair:6   | Received a gift from Yredelemnul
 17740 | Lair:6   | Found a staircase to the Snake Pit.
 18006 | Lair:6   | Reached skill level 10 in Fighting
 18103 | Lair:6   | Acquired Yredelemnul's fifth power
 18711 | Lair:7   | Found a staircase to the Slime Pits.
 18711 | Lair:7   | Found a viscous altar of Jiyva.
 18988 | Lair:7   | Received a gift from Yredelemnul
 19688 | Lair:8   | Entered Level 8 of the Lair of Beasts
 19916 | Lair:8   | Received a gift from Yredelemnul
 20160 | Lair:8   | Noticed a death yak
 20315 | Lair:8   | Received a gift from Yredelemnul
 20448 | Lair:8   | Reached XP level 13. HP: 116/127 MP: 26/26
 20459 | Lair:8   | Reached skill level 10 in Invocations
 20498 | Lair:8   | Noticed a fire dragon
 20519 | Lair:8   | Killed from afar by a fire dragon

Action                   |  1- 3 |  4- 6 |  7- 9 | 10-12 | 13-15 || total
-------------------------+-------+-------+-------+-------+-------++-------
Melee: Trident           |   156 |   213 |   682 |   672 |       ||  1723
       Glaive            |       |       |       |   405 |    27 ||   432
 Fire: Blowgun           |       |     1 |     9 |     5 |       ||    15
Invok: Animate Remains   |       |       |    12 |     1 |       ||    13
       Animate Dead      |       |       |       |    55 |     5 ||    60
       Recall Undead Sla |       |       |       |     1 |       ||     1
       Injury Mirror     |       |       |       |       |     1 ||     1
       Drain Life        |       |       |       |       |     1 ||     1
 Abil: Spit Poison       |     3 |     5 |    12 |     5 |       ||    25
Evoke: Wand              |       |       |       |    12 |       ||    12
  Use: Potion            |     1 |     1 |     7 |     7 |     1 ||    17
       Scroll            |       |     6 |    15 |    14 |     2 ||    37
 Stab: Distracted        |       |       |     2 |    14 |       ||    16
  Eat: Chunk             |     2 |     9 |    12 |    24 |       ||    47
       Bread ration      |       |       |     2 |     3 |       ||     5
       Fruit             |       |       |     2 |     2 |       ||     4
       Meat ration       |       |       |       |     2 |       ||     2
